 Dungeon Crawl Stone Soup version 0.28-a0-771-g91a516d0e7 (webtiles) character file.

Game seed: 1030326289988975426

141 Craquet the Chopper (level 5, -2/70 HPs)
             Began as a Minotaur Berserker on Nov 1, 2021.
             Was a Believer of Trog.
             Slain by a gnoll (4 damage)
             ... on level 3 of the Dungeon.
             The game lasted 00:07:05 (2277 turns).

Craquet the Chopper (Minotaur Berserker)            Turns: 2277, Time: 00:07:05

Health: -2/70      AC: 11    Str: 23    XL:     5   Next: 3%
Magic:  4/4        EV:  7    Int:  4    God:    Trog [**....]
Gold:   87         SH:  0    Dex:  9    Spells: 4/4 levels left

rFire   . . .      SeeInvis .   a - +0 hand axe
rCold   . . .      Faith    .   (no shield)
rNeg    . . .      Spirit   .   d - +0 plate armour
rPois   .          Reflect  .   (helmet restricted)
rElec   .          Harm     .   (no cloak)
rCorr   .          Rampage  .   (no gloves)
Will    .....                   (no boots)
Stlth   ..........              (no amulet)
HPRegen 0.21/turn               (no ring)
MPRegen 0.09/turn               (no ring)

@: berserking, very quick
A: horns 2, retaliatory headbutt
a: Renounce Religion, Berserk, Trog's Hand


You were on level 3 of the Dungeon.
You worshipped Trog.
Trog was pleased with you.
You visited 1 branch of the dungeon, and saw 3 of its levels.

You collected 87 gold pieces.

Inventory:

Hand Weapons
 a - a +0 hand axe (weapon)
Armour
 b - a +0 animal skin
 d - a +0 plate armour (worn)
Jewellery
 h - a +4 ring of evasion
Scrolls
 c - a scroll of identify {unknown}
 e - 2 scrolls of teleportation {unknown}
 f - a scroll of fog {unknown}
 g - a scroll of brand weapon {unknown}
 j - a scroll of enchant weapon {unknown}
Potions
 i - a potion of berserk rage {unknown}


   Skills:
 + Level 4.5 Fighting
 + Level 5.3 Axes
 + Level 3.6 Armour
 + Level 2.7 Dodging
 + Level 0.3 Stealth


You had 4 spell levels left.
You didn't know any spells.
Your spell library was empty.

Dungeon Overview and Level Annotations

Branches:
Dungeon (3/15)

Altars:
Dithmenos


Innate Abilities, Weirdness & Mutations

You have a pair of horns on your head.
You reflexively headbutt those who attack you in melee.


Message History

The gnoll hits you from afar with a +0 spear.
You slash the hobgoblin!
You kill the hobgoblin!
Trog accepts your kill. The gnoll hits you but does no damage.
You closely miss Terence. Your headbutt misses Terence.
The gnoll hits you from afar with a +0 spear!
Terence hits you with a +0 falchion.
* * * LOW HITPOINT WARNING * * *
You are too injured to fight recklessly!
You are too injured to fight recklessly!
You are too injured to fight recklessly!
You are too injured to fight recklessly!
You are too injured to fight recklessly!
A red film seems to cover your vision as you go berserk!
You feel yourself moving faster!
You feel mighty! The gnoll hits you but does no damage.
Terence hits you but does no damage.
You slash Terence!
Terence is heavily wounded.
The gnoll closely misses you. Terence hits you but does no damage.
You slash Terence!
Terence is almost dead.
The gnoll hits you from afar with a +0 spear.
* * * LOW HITPOINT WARNING * * *
You hit Terence.
You kill Terence!
Trog accepts your kill.
The gnoll hits you from afar with a +0 spear!
* * * LOW HITPOINT WARNING * * *
You have reached level 5!
A gnoll comes into view. It is wielding a +0 spear.
The gnoll shouts!
You hear a shout!
A gnoll comes into view. It is wielding a +0 club.
Items here: ! ))) [ †.
You slash the gnoll! Your headbutt misses the gnoll.
The gnoll is almost dead.
The gnoll hits you with a +0 spear.
* * * LOW HITPOINT WARNING * * *
The gnoll hits you from afar with a +0 spear.
You die...

#########
######..@....#
#......g####.#
#.##...g..#
#.##.#..#.#
#@...#..#...
#.####.......#
##g#####.######
####.g....g.######
###.......###......$


You could see 3 gnolls.

Vanquished Creatures
  Natasha (D:2)
  Terence (D:3)
  3 adders (D:2)
  2 gnolls (D:3)
  3 ball pythons
  7 endoplasms
  4 giant cockroaches (D:2)
  3 goblins (D:2)
  7 hobgoblins
  A quokka (D:2)
  2 bats
  5 kobolds
  3 rats
42 creatures vanquished.

Notes
Turn   | Place    | Note
-------+----------+-------------------------------------------
     0 | D:1      | Craquet the Minotaur Berserker began the quest for the Orb.
     0 | D:1      | Reached XP level 1. HP: 19/19 MP: 0/0
   557 | D:1      | Reached skill level 4 in Axes
   631 | D:1      | Reached XP level 2. HP: 27/27 MP: 1/1
  1304 | D:2      | Reached XP level 3. HP: 16/33 MP: 2/2
  1790 | D:2      | Reached ** piety under Trog
  2039 | D:2      | Noticed Natasha
  2044 | D:2      | Killed Natasha
  2045 | D:2      | Reached XP level 4. HP: 38/41 MP: 3/3
  2204 | D:2      | Reached skill level 5 in Axes
  2234 | D:3      | Found a shadowy altar of Dithmenos.
  2241 | D:3      | Noticed Terence
  2275 | D:3      | Killed Terence
  2276 | D:3      | Reached XP level 5. HP: 7/47 MP: 4/4
  2277 | D:3      | HP: 2/70 [gnoll (5)]
  2277 | D:3      | Slain by a gnoll

Illustrated notes

Levels and vault maps discovered:
D:1:      wander_arrival_fairy_ring, layout_loops_corners, roderic_filled_cross
D:2:      layout_loops_corners, uniq_natasha
D:3:      layout_loops_cross, nicolae_dithmenos_shadow_blocks,
          lemuel_coloured_pillars_altar, uniq_terence

Skill      XL: |  1  2  3  4 |
---------------+-------------+-----
Axes           | 4 5 |  5.3
Fighting       | 4 |  4.5
Armour         | 3 |  3.6
Dodging        | |  2.7
Stealth        | |  0.3

Action                   |  1- 3 |  4- 6 || total
-------------------------+-------+-------++-------
Melee: Hand axe          |    93 |    17 ||   110
       Headbutt          |    11 |     2 ||    13
Invok: Berserk           |       |     1 ||     1
Armor: Animal skin       |     2 |       ||     2
       Plate armour      |    52 |    11 ||    63
Dodge: Dodged            |    35 |     9 ||    44

Table legend: (Time is in decaauts)
 A = Elapsed time spent in this place.
 B = Non-inter-level travel time spent in this place.
 C = Inter-level travel time spent in this place.
 D = Time resting spent in this place.
 E = Time spent auto-exploring this place.
 F = Levels seen in this place.
 G = Mean time per level.
                   A        B        C        D        E       F      G
               +--------+--------+--------+--------+--------+-----+--------+
         Total |   2284 |   2204 |     80 |      0 |   1758 |   3 |  761.3 |
       Dungeon |   2284 |   2204 |     80 |      0 |   1758 |   3 |  761.3 |
               +--------+--------+--------+--------+--------+-----+--------+

Top non-repeatable levels by time:
     D:2: 1239 daAuts
     D:1: 1003 daAuts
     D:3: 42 daAuts
